 Dungeon Crawl Stone Soup version 0.31-a0-703-gcfe89afef6 (webtiles) character file.

Game seed: 2482331563131284965

392 Demosthentine the Poker (level 6, -2/73 HPs)
             Began as a Demonspawn Gladiator on Sept 8, 2023.
             Succumbed to a kobold brigand's curare-tipped dart
             ... in a sewer on Sept 9, 2023.
             The game lasted 00:04:00 (2099 turns).

Demosthentine the Poker (Demonspawn Gladiator)      Turns: 2099, Time: 00:04:01

Health: -2/73      AC: 23    Str: 16    XL:     6   Next: 50%
Magic:  6/6        EV:  2    Int:  9    God:
Gold:   49         SH:  0    Dex: 15    Spells: 5/5 levels left

rFire   . . .        a - +0 trident
rCold   . . .        (no shield)
rNeg    . . .        b - melded +0 leather armour
rPois   +            (helmet unavailable)
rElec   .            i - melded scarf {rC+ rF+}
rCorr   .            f - melded +0 pair of gloves
SInv    .            (boots currently unavailable)
Will    .....        (no amulet)
Stlth   +            (no ring)
HPRegen 0.32/turn    (no ring)
MPRegen 0.10/turn

%: no passive effects
@: lethally poisoned (-2 -> -41), tree-form, slowed, very slow
A: stationary, stasis, torment immunity, boosted hp, (antennae 3), rugged brown
scales 1, (spiny 1)
a: no special abilities


You were in a sewer.
You were a tree.
You visited 1 branch of the dungeon, and saw 3 of its levels.
You also visited: Sewer.

You collected 182 gold pieces.
You spent 133 gold pieces at shops.

Inventory:

Hand Weapons
 a - a +0 trident (weapon)
Missiles
 d - 3 throwing nets (quivered)
 e - 3 javelins
Armour
 b - a +0 leather armour (melded)
 f - a +0 pair of gloves (melded)
 i - a scarf of resistance (melded)
Scrolls
 c - 2 scrolls of identify
Potions
 g - a potion of brilliance {unknown}
 m - a potion of might


   Skills:
 + Level 3.8 Fighting
 + Level 4.1 Polearms
 - Level 1.7 Throwing
 + Level 2.7 Armour
 + Level 4.1 Dodging


You had 5 spell levels left.
You didn't know any spells.
Your spell library contained the following spells:

 Spells                   Type           Power      Damage    Failure   Level
 Slow                     Hex            0%         N/A       38%         1
 Confusing Touch          Hex            0%         N/A       77%         3
 Sigil of Binding         Hex            0%         N/A       77%         3
 Vampiric Draining        Necr           0%         2d6       77%         3


Dungeon Overview and Level Annotations

Branches:
Dungeon (3/15)              Sewer (1/1)

Altars:
Trog

Shops:
D:2 :*!


Innate Abilities, Weirdness & Mutations

You are a tree.
Your roots penetrate the ground, keeping you stationary.
You cannot be teleported.
You are immune to unholy pain and torment.
Your maximum health is greatly increased.
Your equipment is partially melded.
((You have a pair of large antennae on your head. (SInv)))
(You are partially covered in rugged brown scales. (AC +1, +3% HP))
((You are partially covered in sharp spines.))


Message History

You have difficulty breathing.
* * * LOW HITPOINT WARNING * * *
You feel as though you will be slow longer.
The kobold throws a poisoned dart.
The poisoned dart barely misses you.
The kobold brigand throws a poisoned dart.
The poisoned dart hits you!
You are lethally poisoned!
The kobold brigand is struck by your spines.
You kill the kobold brigand!
Your Dodging skill increases to level 4!
You feel much better.
You feel extremely sick.
The kobold brigand throws a poisoned dart.
The poisoned dart hits you!
You are more poisoned.
The kobold brigand throws a curare-tipped dart.
The curare-tipped dart hits you.
You are lethally poisoned!
You have difficulty breathing.
You feel as though you will be slow longer.
You turn into a tree.
Your scarf of resistance melds into your body.
Your +0 pair of gloves melds into your body.
Your +0 leather armour melds into your body.
You feel hot and cold all over.
Your roots penetrate the ground.
* * * LOW HITPOINT WARNING * * *
You feel extremely sick.
The kobold brigand throws a curare-tipped dart.
The curare-tipped dart hits you.
You are more poisoned.
You have difficulty breathing.
* * * LOW HITPOINT WARNING * * *
You feel as though you will be slow longer.
Unknown command.
Reach: a) +0 trident
Press: ? - help, Dir - move target, f - kobold brigand
Aim: a kobold brigand, wielding a +0 dagger and quivering curare-tipped darts (about 47% to evade your +0 trident)
You reach to attack!
You puncture the kobold brigand!
The kobold brigand is moderately wounded.
You die...

#### ### ....##.#
.......########
.........#....#####
.........K?!!.#.∩.#
...~~~~..'..∩.#.∩.#
...~P~†~.#K...#)♣.#
#####~K########'###
~~~~~~~~KK~~~KK~~≈#
≈≈≈~≈≈≈≈≈~≈≈≈≈≈~≈≈#
~~~~~~~~~~~~~~~K~≈#
~~#################
~~ ~ { {


You could see a kobold brigand and 2 kobolds.

Vanquished Creatures
  Sigmund (D:2)
  A kobold brigand (Sewer)
  Jessica (D:2)
  3 gnolls (D:3)
  An adder (D:3)
  6 worms
  3 dart slugs
  5 bats
  6 endoplasms
  5 giant cockroaches
  3 goblins
  6 hobgoblins
  5 kobolds
  8 quokkas
  4 ball pythons
  4 frilled lizards
  8 rats
70 creatures vanquished.

Vanquished Creatures (others)
  A giant cockroach (D:3)
1 creature vanquished.

Grand Total: 71 creatures vanquished

Notes
Turn   | Place    | Note
-------+----------+-------------------------------------------
     0 | D:1      | Demosthentine the Demonspawn Gladiator began the quest for
                  | the Orb.
     0 | D:1      | Reached XP level 1. HP: 16/16 MP: 1/1
   163 | D:1      | Gained mutation: You have a pair of small antennae on your
                  | head. [demonic ancestry]
   163 | D:1      | Reached XP level 2. HP: 22/22 MP: 2/2
   163 | D:1      | Found a faded altar of an unknown god.
   500 | D:1      | Reached skill level 1 in Armour
   772 | D:2      | Gained mutation: You are partially covered in sharp spines.
                  | [demonic ancestry]
   772 | D:2      | Reached XP level 3. HP: 27/28 MP: 3/3
   903 | D:2      | Found Zojim's Assorted Antiques.
   912 | D:2      | Bought a brown potion for 23 gold pieces
  1019 | D:2      | Noticed Sigmund
  1031 | D:2      | Killed Sigmund
  1032 | D:2      | Gained mutation: You are partially covered in rugged brown
                  | scales. (AC +1, +3% HP) [demonic ancestry]
  1032 | D:2      | Reached XP level 4. HP: 28/36 MP: 4/4
  1032 | D:2      | Gained mutation: You have a pair of antennae on your head.
                  | [demonic ancestry]
  1032 | D:2      | Reached XP level 5. HP: 33/42 MP: 5/5
  1185 | D:2      | Noticed a walking earthen tome
  1186 | D:2      | Found Luusar's Book Shop.
  1188 | D:2      | Noticed a walking divine tome
  1190 | D:2      | Noticed Jessica
  1194 | D:2      | Killed Jessica
  1405 | D:2      | Found Egauc's Distillery.
  1421 | D:2      | Bought a potion of heal wounds for 55 gold pieces
  1421 | D:2      | Bought a potion of degeneration for 11 gold pieces
  1421 | D:2      | Bought a potion of might for 44 gold pieces
  1671 | D:3      | Gained mutation: You have a pair of large antennae on your
                  | head. (SInv) [demonic ancestry]
  1671 | D:3      | Reached XP level 6. HP: 48/48 MP: 6/6
  1782 | D:3      | Noticed a moth of wrath
  1785 | D:3      | Found a bloodstained altar of Trog.
  1889 | D:3      | HP: 2/48 [gnoll/+0 halberd (12)]
  2029 | D:3      | Found a glowing drain.
  2050 | Sewer    | Entered a sewer
  2099 | Sewer    | Succumbed to a kobold brigand's curare-tipped dart

Illustrated notes

Levels and vault maps discovered:
D:1:      mrwooster_arrival_statue, layout_loops_ring,
          shapermc_ecumenical_altar_notcrosses
D:2:      layout_loops_ring, serial_shops, shop, nicolae_lakefront_shop,
          nicolae_shop_mannequins, serial_park_tiny_pond, chequers_mini_garden,
          uniq_sigmund, uniq_jessica
D:3:      layout_basic, tgw_trog, fiery_altar_vehumet, gup_sewer_entry_pipe
Sewer:    kennysheep_pipe_town

Skill      XL: |  1  2  3  4  5  6 |
---------------+-------------------+-----
Polearms       | 3 4 |  4.1
Dodging        | 3 4 |  4.1
Armour         | 1 2 |  2.7
Fighting       | 3 |  3.8
Throwing       | |  1.7

Action                     |  1- 3 |  4- 6 || total
---------------------------+-------+-------++-------
  Melee: Trident           |   119 |   108 ||   227
         Punch             |     1 |     5 ||     6
  Throw: Throwing net      |     2 |       ||     2
    Use: Scroll            |     3 |     2 ||     5
         Potion            |       |     6 ||     6
   Stab: Sleeping          |     1 |       ||     1
 Armour: Leather armour    |    49 |    34 ||    83
  Dodge: Dodged            |    44 |    43 ||    87

Table legend: (Time is in decaauts)
 A = Elapsed time spent in this place.
 B = Non-inter-level travel time spent in this place.
 C = Inter-level travel time spent in this place.
 D = Time resting spent in this place.
 E = Time spent auto-exploring this place.
 F = Levels seen in this place.
 G = Mean time per level.
                   A        B        C        D        E       F      G
               +--------+--------+--------+--------+--------+-----+--------+
         Total |   2147 |   2107 |     40 |      0 |   1410 |   4 |  536.8 |
       Dungeon |   2082 |   2042 |     40 |      0 |   1396 |   3 |  694.0 |
         Sewer |     64 |     64 |      0 |      0 |     14 |   1 |   64.0 |
               +--------+--------+--------+--------+--------+-----+--------+

Top non-repeatable levels by time:
     D:2: 861 daAuts
     D:1: 721 daAuts
     D:3: 499 daAuts
   Sewer: 64 daAuts
